 Dungeon Crawl Stone Soup version 0.30-a0-883-g5ad918d77d (webtiles) character file.

Game seed: 7383448125621042350

452 Zeldest the Cudgeller (level 7, -2/40 (59) HPs)
             Began as a Meteoran Reaver on Mar 17, 2023.
             Was an Initiate of Cheibriados.
             Slain by a scorpion (7 damage)
             ... on level 5 of the Dungeon.
             The game lasted 00:06:24 (889 turns).

Zeldest the Cudgeller (Meteoran Reaver)              Turns: 889, Time: 00:06:24

HP:   -2/40 (59)    AC:  3    Str: 13 (16) XL:     7   Next: 50%
MP:   14/14         EV: 12    Int: 16 (17) God:    Cheibriados [......]
Gold: 121           SH:  0    Dex: 17 (19) Spells: 10/14 levels left

rFire   . . .      SeeInvis .    a - +0 mace
rCold   . . .      Faith    .    (no shield)
rNeg    . . .      Spirit   .    e - +0 leather armour
rPois   .          Reflect  .    (no helmet)
rElec   .          Rampage  .    (no cloak)
rCorr   .                        (no gloves)
Will    .....                    (no boots)
Stlth   +                        (no amulet)
HPRegen 0.26/turn                j - +6 ring of dexterity
MPRegen 0.14/turn                (no ring)

@: lethally poisoned (-2 -> -14), glowing, very heavily drained, very slow
A: sense surroundings 1, otherworldly, glowing, explore regen
a: Renounce Religion


You were on level 5 of the Dungeon.
You worshipped Cheibriados.
Cheibriados was noncommittal.
You visited 2 branches of the dungeon, and saw 6 of its levels.

You collected 121 gold pieces.

Inventory:

Hand Weapons
 a - a +0 mace (weapon)
Armour
 d - a +0 scale mail
 e - a +0 leather armour (worn)
Magical Staves
 b - a staff of air
Jewellery
 j - a +6 ring of dexterity (left hand)
Scrolls
 c - a scroll of silence {unknown}
 g - a scroll of poison
 i - a scroll of teleportation {unknown}
 k - a scroll of fog {unknown}
Potions
 f - a potion of curing {unknown}
 h - a potion of mutation {unknown}
 l - a potion of lignification {unknown}


   Skills:
 + Level 4.2 Fighting
 + Level 6.0 Maces & Flails
 - Level 2.7 Dodging
 + Level 4.2 Spellcasting
 + Level 5.4 Conjurations
 + Level 3.0 Invocations


You had 10 spell levels left.
You knew the following spells:

 Your Spells              Type           Power      Damage    Failure   Level
a - Kiss of Death         Conj/Necr      48%        2d9       7%          1
b - Hailstorm             Conj/Ice       12%        3d5       21%         3

Your spell library contained the following spells:

 Spells                   Type           Power      Damage    Failure   Level
 Momentum Strike          Conj/Tloc      24%        3d8       11%         2


Dungeon Overview and Level Annotations

Branches:
Dungeon (6/15) Zot: 3279   Temple (1/1) D:6 Zot: 875

Altars:
Cheibriados
Qazlal

Shops:
D:3 !   D:6 =[


Innate Abilities, Weirdness & Mutations

You passively map a small area around you.
You are easily found by Zot.
You glow in the dark.
You regain HP and MP as you explore.


Message History

You are poisoned.
The adder poisons you!
You barely miss the adder.
You feel sick. The adder bites you but does no damage. The adder bites you.
You barely miss the adder.
You feel sick. The adder bites you.
A scorpion comes into view.
You closely miss the adder.
You feel sick. The adder bites you. The adder closely misses you.
You sock the adder!
The adder is almost dead.
You feel sick. The adder completely misses you.
You hit the adder.
You kill the adder!
Cheibriados thoroughly appreciates the change of pace.
Your Maces & Flails skill increases to level 6!
You feel sick.
You feel sick.
You are no longer poisoned.
You barely miss the scorpion. The scorpion barely misses you.
You hit the scorpion but do no damage. The scorpion closely misses you.
You closely miss the scorpion. The scorpion stings you. x2
You are poisoned.
The scorpion poisons you!
You hit the scorpion but do no damage.
You feel very sick. The scorpion barely misses you.
You hit the scorpion but do no damage.
You feel sick. The scorpion stings you.
You are lethally poisoned!
The scorpion poisons you!
You hit the scorpion.
The scorpion is lightly wounded.
You feel very sick. The scorpion misses you.
You closely miss the scorpion.
The scorpion is lightly wounded.
* * * LOW HITPOINT WARNING * * *
You feel sick. The scorpion stings you!
* * * LOW HITPOINT WARNING * * *
The scorpion stings you!
You die...

* * * , ,, *
### # #### ,
...*
#.#..,,,..* #
,#.#.###.#...#
, #..>s@..># *
###.###.## * ,
#..........#
####...####.#
.#.#s *.#*
#.#.... * #
#.###.#. * #
#.# * #


You could see a scorpion.

Vanquished Creatures
  3 sky beasts (D:6)
  A jelly (D:6)
  A sleepcap (D:3)
  Terence (D:2)
  An orc wizard (D:3)
  3 adders
  A worm (D:2)
  9 orcs
  2 ball pythons
  An endoplasm (D:1)
  7 goblins
  3 hobgoblins
  2 quokkas (D:1)
  5 bats
  4 frilled lizards
  4 rats
48 creatures vanquished.

Notes
Turn   | Place    | Note
-------+----------+-------------------------------------------
     0 | D:1      | Zeldest the Meteoran Reaver began the quest for the Orb.
     0 | D:1      | Reached XP level 1. HP: 17/17 MP: 5/5
    48 | D:1      | Reached XP level 2. HP: 24/24 MP: 6/6
   256 | D:2      | Reached XP level 3. HP: 20/30 MP: 8/8
   352 | D:2      | Noticed Terence
   364 | D:2      | Killed Terence
   365 | D:2      | Reached XP level 4. HP: 12/34 MP: 9/9
   369 | D:3      | Found Sudda's Distillery.
   389 | D:3      | Found a stormy altar of Qazlal.
   429 | D:3      | Reached XP level 5. HP: 5/40 MP: 8/10
   435 | D:3      | Found a snail-covered altar of Cheibriados.
   456 | D:3      | Became a worshipper of Cheibriados the Contemplative
   483 | D:3      | Reached skill level 5 in Maces & Flails
   533 | D:3      | Reached skill level 1 in Invocations
   611 | D:3      | You fall into a shaft and drop 3 floors!
   616 | D:6      | Noticed a sky beast
   641 | D:6      | Killed a sky beast
   642 | D:6      | Reached XP level 6. HP: 4/36 MP: 9/12
   649 | D:6      | Noticed a sky beast
   661 | D:6      | Learned a level 3 spell: Hailstorm
   663 | D:6      | Killed a sky beast
   664 | D:6      | Reached skill level 5 in Conjurations
   664 | D:6      | Reached XP level 7. HP: 30/53 MP: 13/13
   665 | D:6      | Found a staircase to the Ecumenical Temple.
   707 | Temple   | Entered the Ecumenical Temple
   743 | D:6      | Found Pyrram's Jewellery Shoppe.
   857 | D:5      | Entered Level 5 of the Dungeon
   863 | D:6      | Found Ubanue's Antique Armour Boutique.
   881 | D:5      | Reached skill level 6 in Maces & Flails
   889 | D:5      | Slain by a scorpion

Illustrated notes

Levels and vault maps discovered:
D:1:      co_arrival_square_in_a_square_in_a_square, layout_basic
D:2:      layout_rooms, shapermc_ecumenical_altar_pompeii, uniq_terence
D:3:      layout_loops_cross, mainiacjoe_overflow_paths, general_overflow_altar,
          lemuel_crystal_altar, serial_shops, nicolae_shop_crystal
D:5:      cheibrodos_quashed, layout_loops_corners, serial_bayou_pond_b,
          uniq_blork_the_orc
D:6:      layout_loops_cross, marbit_many_paths, minmay_temple_entry_large_hall,
          serial_shops, shop, nicolae_shop_hallway_plus, kennysheep_mini,
          kennysheep_mini_moat, nicolae_shop_waterfront, hex_medium
Temple:   minmay_temple_curvy_branch

Skill      XL: |  1  2  3  4  5  6  7 |
---------------+----------------------+-----
Spellcasting   | 3 4 |  4.2
Conjurations   | 4 5 |  5.4
Fighting       | 3 4 |  4.2
Maces & Flails | 5 6 |  6.0
Invocations    | 1 2 3 |  3.0
Dodging        | |  2.7

Action                     |  1- 3 |  4- 6 |  7- 9 || total
---------------------------+-------+-------+-------++-------
  Melee: Mace              |    90 |    69 |    24 ||   183
         Staff             |       |    16 |    23 ||    39
         Punch             |       |       |     1 ||     1
   Cast: Kiss of Death     |     1 |     5 |     3 ||     9
    Use: Scroll            |       |     1 |       ||     1
         Potion            |       |       |     2 ||     2
 Armour: Leather armour    |    27 |    29 |     8 ||    64
  Dodge: Dodged            |    51 |    40 |    33 ||   124

Table legend: (Time is in decaauts)
 A = Elapsed time spent in this place.
 B = Non-inter-level travel time spent in this place.
 C = Inter-level travel time spent in this place.
 D = Time resting spent in this place.
 E = Time spent auto-exploring this place.
 F = Levels seen in this place.
 G = Mean time per level.
                   A        B        C        D        E       F      G
               +--------+--------+--------+--------+--------+-----+--------+
         Total |   1007 |   1007 |      0 |      0 |      0 |   6 |  167.8 |
       Dungeon |    982 |    982 |      0 |      0 |      0 |   5 |  196.4 |
        Temple |     25 |     25 |      0 |      0 |      0 |   1 |   25.0 |
               +--------+--------+--------+--------+--------+-----+--------+

Top non-repeatable levels by time:
     D:6: 292 daAuts
     D:3: 285 daAuts
     D:2: 207 daAuts
     D:1: 177 daAuts
  Temple: 25 daAuts
     D:5: 19 daAuts
